 Dungeon Crawl Stone Soup version 0.29-a0-11-ga75d3d97ab (webtiles) character file.

Game seed: 16527110055194674808

7041 dohliylev the Severer (level 10, -9/93 HPs)
             Began as a Minotaur Berserker on Jan 28, 2022.
             Was a Priest of Trog.
             Mangled by a chaos spawn (10 damage)
             ... on level 2 of the Abyss.
             The game lasted 00:19:19 (8718 turns).

dohliylev the Severer (Minotaur Berserker)          Turns: 8718, Time: 00:19:19

Health: -9/93      AC:  6    Str: 26    XL:     10   Next: 83%
Magic:  0/9        EV: 16    Int:  4    God:    Trog [***...]
Gold:   441        SH: 10    Dex: 10    Spells: 9/9 levels left

rFire   . . .      SeeInvis .   N - +3 war axe
rCold   . . .      Faith    .   u - +0 kite shield
rNeg    + . .      Spirit   +   Q - +0 troll leather armour
rPois   .          Reflect  .   b - +0 hat
rElec   .          Harm     .   l - +0 cloak
rCorr   +          Rampage  .   D - +0 pair of gloves
Will    ++...                   (no boots)
Stlth   +.........              a - amulet of guardian spirit
HPRegen 2.05/turn               i - ring of positive energy
MPRegen 0.11/turn               G - ring of resist corrosion

@: agile, about to teleport, strong-willed, on berserk cooldown, regenerating,
slowed, very slow
A: horns 2, retaliatory headbutt
a: Renounce Religion, Berserk, Trog's Hand


You were on level 2 of the Abyss.
You worshipped Trog.
Trog was most pleased with you.
You visited 1 branch of the dungeon, and saw 9 of its levels.
You visited the Abyss 1 time.
You also visited: Sewer.

You collected 493 gold pieces.
You spent 52 gold pieces at shops.

Inventory:

Hand Weapons
 N - a +3 war axe (weapon)
Missiles
 F - 2 throwing nets (quivered)
Armour
 b - a +0 hat (worn)
 j - a +1 scale mail of cold resistance
 l - a +0 cloak (worn)
 u - a +0 kite shield (worn)
 D - a +0 pair of gloves (worn)
 I - +0 swamp dragon scales
 Q - a +0 troll leather armour (worn)
Jewellery
 a - an amulet of guardian spirit (around neck)
 i - a ring of positive energy (left hand)
 G - a ring of resist corrosion (right hand)
 L - a ring of protection from fire
 P - a ring of protection from fire
Wands
 B - a wand of iceblast (6)
 C - a wand of mindburst (13)
Scrolls
 e - 3 scrolls of teleportation
 f - 2 scrolls of fear {unknown}
 h - a scroll of blinking
 m - a scroll of enchant armour {unknown}
 o - 3 scrolls of fog {unknown}
 p - a scroll of brand weapon {unknown}
 r - 7 scrolls of identify
 s - 4 scrolls of vulnerability {unknown}
 v - 2 scrolls of amnesia {unknown}
 y - 2 scrolls of enchant weapon {unknown}
 E - a scroll of noise {unknown}
 J - a scroll of silence {unknown}
 K - 2 scrolls of immolation {unknown}
Potions
 c - 3 potions of haste {unknown}
 d - 4 potions of degeneration {unknown}
 g - a potion of might {unknown}
 k - 3 potions of flight {unknown}
 n - a potion of cancellation {unknown}
 q - 3 potions of lignification {unknown}
 t - 2 potions of brilliance {unknown}
 w - a potion of invisibility
 x - 3 potions of curing {unknown}
 z - 2 potions of heal wounds {unknown}
 H - 2 potions of attraction {unknown}
 M - a potion of resistance {unknown}
 O - 2 potions of ambrosia {unknown}


   Skills:
 + Level 10.1 Fighting
 + Level 15.3 Axes
 - Level 2.4 Armour
 + Level 4.0 Dodging
 + Level 8.0 Shields


You had 9 spell levels left.
You didn't know any spells.
Your spell library was empty.

Dungeon Overview and Level Annotations

Branches:
Dungeon (9/15)             Temple (0/1) D:5           Sewer (visited)
   Lair: D:8-11         Orc: D:9-12

Altars:
Hepliaklqana
Nemelex Xobeh
Okawaru
Qazlal
Uskayaw

Shops:
D:2 [   D:3 ?[[=

Annotations:
D:9 Erolcha


Innate Abilities, Weirdness & Mutations

You have a pair of horns on your head.
You reflexively headbutt those who attack you in melee.


Message History

You slash the ice devil! You headbutt the ice devil!
The ice devil is severely wounded.
The ice devil hits you! The ice devil freezes you!
You block the ice devil's attack.
You slash the ice devil!
The ice devil is almost dead.
The ice devil misses you.
The vampire mage casts a spell.
The vampire mage flickers and vanishes!
Deactivating autopickup; reactivate with Ctrl-A.
Your skin crawls.
You feel strong-willed. You block the ice devil's attack.
The ice devil misses you. You furiously retaliate!
You headbutt the ice devil.
You kill the ice devil!
That felt strangely unrewarding.
A sixfirhy comes into view.
The chaos spawn gores you. The chaos spawn shocks you! Something hits you.
Something bites you. Something hits you. Something completely misses you.
The chaos spawn gores you! The chaos spawn shocks you. The sixfirhy hits you!
The sixfirhy shocks you!
* * * LOW HITPOINT WARNING * * *
You block the sixfirhy's attack. The chaos spawn hits you.
* * * LOW HITPOINT WARNING * * *
You feel agile all of a sudden.
As you read the scroll of teleportation, it crumbles to dust.
You feel strangely unstable.
You feel the power of the Abyss delaying your translocation!
You block the chaos spawn's attack. The sixfirhy hits you.
* * * LOW HITPOINT WARNING * * *
The sixfirhy shocks you!
* * * LOW HITPOINT WARNING * * *
The sixfirhy misses you. The sixfirhy hits you!
* * * LOW HITPOINT WARNING * * *
The sixfirhy shocks you!
* * * LOW HITPOINT WARNING * * *
The sixfirhy completely misses you. The sixfirhy barely misses you.
The chaos spawn gores you!
You die...

#.## #....
###.####
##..#..#
#.#{.#.#
##.#..#
#.#..##
#43§.##
##@##..
#.....##..
#.###.#
..§# # .#
... .# .3
.. .# .#


You could see a sixfirhy and a chaos spawn.

Vanquished Creatures
  Harold (D:7)
  A two-headed ogre (D:8)
  An ugly thing (D:7)
  A manticore (D:6)
  Maggie (D:7)
  An ice devil (Abyss:2)
  2 trolls (D:9)
  Prince Ribbit (D:8)
  A hornet (D:8)
  A shadow (D:8)
  A wyvern (D:8)
  A wraith (D:9)
  A chaos spawn (Abyss:2)
  An ice beast (D:7)
  5 sky beasts
  2 orc warriors
  2 black bears
  A hornet zombie (D:6)
  4 centaurs
  2 necrophages
  6 kobold brigands
  Blork the orc (D:6)
  A scorpion (D:5)
  A bullfrog (D:8)
  A wyvern zombie (D:8)
  A gnoll sergeant (D:9)
  A water moccasin skeleton (D:5)
  7 wights (D:8)
  4 killer bees (D:7)
  4 centaur zombies
  A bullfrog skeleton (D:5)
  A centaur skeleton (D:5)
  3 hounds
  2 jellies
  Crazy Yiuf (D:2)
  3 orc priests
  Jessica (D:3)
  2 iguanas
  A killer bee zombie (D:9)
  A hound skeleton (D:5)
  A river rat (Sewer)
  9 adders
  5 gnolls (D:9)
  A shadow imp (D:7)
  An ufetubus (D:5)
  An adder skeleton (D:4)
  7 worms
  3 dart slugs
  16 orcs
  7 bats
  9 endoplasms
  4 giant cockroaches
  10 goblins
  5 hobgoblins
  18 kobolds
  5 quokkas
  13 ball pythons
  5 frilled lizards
  13 rats
207 creatures vanquished.

Vanquished Creatures (others)
  4 fungi (D:2)
4 creatures vanquished.

Grand Total: 211 creatures vanquished

Notes
Turn   | Place    | Note
-------+----------+-------------------------------------------
     0 | D:1      | dohliylev the Minotaur Berserker began the quest for the
                  | Orb.
     0 | D:1      | Reached XP level 1. HP: 19/19 MP: 0/0
   342 | D:1      | Reached skill level 4 in Axes
   342 | D:1      | Reached XP level 2. HP: 27/27 MP: 1/1
   934 | D:2      | Reached XP level 3. HP: 34/34 MP: 2/2
  1431 | D:2      | Found Daff's Armour Shop.
  1438 | D:2      | Reached XP level 4. HP: 34/41 MP: 3/3
  1438 | D:2      | Reached ** piety under Trog
  1439 | D:2      | Reached skill level 5 in Axes
  1489 | D:2      | Bought a +0 hat for 52 gold pieces
  1909 | D:2      | Found a runed translucent door.
  1910 | D:2      | Noticed Crazy Yiuf
  1921 | D:2      | Killed Crazy Yiuf
  1922 | D:2      | Reached skill level 5 in Fighting
  2042 | D:3      | Noticed Jessica
  2047 | D:3      | Killed Jessica
  2048 | D:3      | Reached XP level 5. HP: 48/48 MP: 4/4
  2163 | D:3      | Found a glowing drain.
  2167 | Sewer    | Entered a sewer
  2514 | Sewer    | Reached skill level 6 in Axes
  2833 | Sewer    | Reached XP level 6. HP: 56/56 MP: 5/5
  2957 | Sewer    | Reached skill level 7 in Axes
  3182 | D:3      | Reached XP level 7. HP: 52/63 MP: 6/6
  3182 | D:3      | Found a faded altar of an unknown god.
  3489 | D:3      | Found Tigrucil's Magic Scroll Shop.
  3516 | D:3      | Found Beorarec's Antique Armour Emporium.
  3565 | D:3      | Found Isithed's Antique Armour Boutique.
  3598 | D:3      | Found Tuceodu's Jewellery Boutique.
  3742 | D:3      | Reached skill level 8 in Axes
  3904 | D:4      | Found a sparkling altar of Nemelex Xobeh.
  4091 | D:4      | Found a hazy altar of Hepliaklqana.
  4096 | D:4      | Found an iron altar of Okawaru.
  4458 | D:5      | Entered Level 5 of the Dungeon
  4532 | D:5      | Reached skill level 1 in Shields
  4562 | D:5      | Reached skill level 9 in Axes
  4564 | D:5      | Found a staircase to the Ecumenical Temple.
  4813 | D:5      | Reached *** piety under Trog
  4814 | D:5      | Reached XP level 8. HP: 50/71 MP: 7/7
  5141 | D:6      | Reached skill level 10 in Axes
  5297 | D:6      | Found a hide-covered altar of Uskayaw.
  5390 | D:6      | Noticed a manticore
  5408 | D:6      | Killed a manticore
  5409 | D:6      | Reached skill level 11 in Axes
  5415 | D:6      | Reached XP level 9. HP: 21/81 MP: 8/8
  5691 | D:6      | Noticed Blork the orc
  5700 | D:6      | Killed Blork the orc
  6046 | D:7      | Reached skill level 12 in Axes
  6303 | D:7      | Noticed Harold
  6322 | D:7      | Killed Harold
  6389 | D:7      | Noticed Maggie
  6400 | D:7      | Killed Maggie
  6401 | D:7      | Reached skill level 13 in Axes
  6401 | D:7      | Reached skill level 5 in Shields
  6465 | D:7      | Noticed a purple ugly thing
  6472 | D:7      | Killed a purple ugly thing
  6744 | D:7      | Reached XP level 10. HP: 91/91 MP: 9/9
  7406 | D:8      | Reached skill level 14 in Axes
  7410 | D:8      | Noticed Prince Ribbit
  7421 | D:8      | Killed Prince Ribbit
  7926 | D:8      | Noticed a two-headed ogre
  7931 | D:8      | Killed a two-headed ogre
  8198 | D:9      | Reached skill level 10 in Fighting
  8238 | D:9      | Reached skill level 15 in Axes
  8329 | D:9      | Found a stormy altar of Qazlal.
  8645 | D:9      | Noticed Erolcha
  8645 | D:9      | Cast into level 1 of the Abyss (Erolcha)
  8697 | Abyss:2  | Noticed a vampire mage
  8714 | Abyss:2  | Noticed a sixfirhy
  8718 | Abyss:2  | HP: 1/93 [sixfirhy (8)]
  8718 | Abyss:2  | Mangled by a chaos spawn

Illustrated notes

Levels and vault maps discovered:
D:1:      lordsloth_arrival_two_stooges, layout_loops_ring
D:2:      layout_basic, serial_shops, nicolae_shop_crystal,
          uniq_crazy_yiuf_cottage
D:3:      layout_rooms, chequers_ecumenical_altar_simple_redux,
          gup_sewer_entry_spiral, serial_shops, shop_statue,
          nicolae_lakefront_shop, nicolae_shop_hallway_plus,
          nicolae_shop_behind_doors, chequers_serial_rivers_small_a,
          dk_noncrumbling_4, minmay_three_crescents, uniq_jessica
D:4:      layout_loops_ring, amcnicky_altar_gilded, grunt_temple_overflow_open
D:5:      layout_rooms, minmay_temple_entry_large_hall
D:6:      layout_gridville, mainiacjoe_overflow_small_starburst,
          uniq_blork_the_orc
D:7:      layout_basic, uniq_maggie, uniq_harold
D:8:      minmay_inner_zag, layout_basic, minmay_quadrilaterals,
          uniq_prince_ribbit1
D:9:      layout_cave_pools, mainiacjoe_overflow_cross_hatched,
          overflow_temple_1_default, uniq_erolcha
Abyss:2:  base:
D:2

Skill      XL: |  1  2  3  4  5  6  7  8  9 10 |
---------------+-------------------------------+-----
Axes           | 4 5 6 7 9 11 13 15 | 15.3
Fighting       | 4 5 6 7 9 10 | 10.1
Dodging        | 3 4 |  4.0
Shields        | 2 4 5 8 |  8.0
Armour         | |  2.4

Action                   |  1- 3 |  4- 6 |  7- 9 | 10-12 || total
-------------------------+-------+-------+-------+-------++-------
Melee: Hand axe          |    88 |   145 |    93 |       ||   326
       Headbutt          |    12 |    17 |    40 |    32 ||   101
       Punch             |       |     2 |       |       ||     2
       War axe           |       |       |    98 |    61 ||   159
       Broad axe         |       |       |    13 |    59 ||    72
Invok: Berserk           |     3 |     9 |    10 |     6 ||    28
       Trog's Hand       |       |       |     4 |     2 ||     6
  Use: Scroll            |       |     2 |       |     1 ||     3
Armor: Chain mail        |    49 |       |       |       ||    49
       Animal skin       |     1 |       |       |       ||     1
       Scale mail        |     5 |    44 |    16 |       ||    65
       Plate armour      |       |       |   113 |    54 ||   167
       Troll leather arm |       |       |       |     1 ||     1
Dodge: Dodged            |    41 |    41 |    52 |    46 ||   180
Block: Kite shield       |       |       |    74 |    71 ||   145

Table legend: (Time is in decaauts)
 A = Elapsed time spent in this place.
 B = Non-inter-level travel time spent in this place.
 C = Inter-level travel time spent in this place.
 D = Time resting spent in this place.
 E = Time spent auto-exploring this place.
 F = Levels seen in this place.
 G = Mean time per level.
                   A        B        C        D        E       F      G
               +--------+--------+--------+--------+--------+-----+--------+
         Total |   9217 |   9088 |    129 |   1979 |   5237 |  12 |  768.1 |
       Dungeon |   7970 |   7841 |    129 |   1695 |   4616 |   9 |  885.6 |
         Abyss |     76 |     76 |      0 |      0 |      0 |   2 |   38.0 |
         Sewer |   1170 |   1170 |      0 |    283 |    620 |   1 | 1170.0 |
               +--------+--------+--------+--------+--------+-----+--------+

Top non-repeatable levels by time:
     D:8: 1323 daAuts
   Sewer: 1170 daAuts
     D:2: 1117 daAuts
     D:6: 967 daAuts
     D:1: 953 daAuts
     D:7: 907 daAuts
     D:3: 895 daAuts
     D:4: 667 daAuts
     D:5: 652 daAuts
     D:9: 486 daAuts
 Abyss:2: 65 daAuts
 Abyss:1: 10 daAuts
